 Dungeon Crawl Stone Soup version 0.29-a0-1052-g6990b1bffc (webtiles) character file.

Game seed: 7724980398220492846

3925 Zonian the Cleaver (level 10, -8/141 HPs)
             Began as a Hill Orc Fighter on Aug 18, 2022.
             Was a Believer of Beogh.
             Mangled by Grum
             ... wielding a -2 vorpal spear
              (18 damage)
             ... on level 9 of the Dungeon.
             The game lasted 00:14:04 (9698 turns).

Zonian the Cleaver (Hill Orc Fighter)               Turns: 9698, Time: 00:14:05

Health: -8/141     AC:  8    Str: 24    XL:     10   Next: 20%
Magic:  17/17      EV:  9    Int: 14    God:    Beogh [**....]
Gold:   380        SH:  5    Dex: 18    Spells: 9/9 levels left

rFire   + . .      SeeInvis .   a - +1 war axe
rCold   + . .      Faith    .   c - +0 buckler
rNeg    . . .      Spirit   .   b - +0 scale mail
rPois   .          Reflect  .   (no helmet)
rElec   .          Harm     .   (no cloak)
rCorr   +          Rampage  .   (no gloves)
Will    .....                   j - +0 pair of boots
Stlth   ..........              (no amulet)
HPRegen 0.33/turn               i - ring of protection from fire
MPRegen 0.15/turn               q - ring "Idwedeug" {rC+ Will- rCorr Str+4 Int+6 Dex+4}

@: berserking, very quick
A: no striking features
a: Renounce Religion, Smiting


You were on level 9 of the Dungeon.
You worshipped Beogh.
Beogh was pleased with you.
You visited 1 branch of the dungeon, and saw 9 of its levels.

You collected 428 gold pieces.
You spent 48 gold pieces at shops.

Inventory:

Hand Weapons
 a - a +1 war axe (weapon)
 e - a +2 battleaxe of flaming
 f - a +0 sling of freezing
Armour
 b - a +0 scale mail (worn)
 c - a +0 buckler (worn)
 j - a +0 pair of boots (worn)
Jewellery
 i - a ring of protection from fire (left hand)
 o - an amulet of faith
 q - the ring "Idwedeug" (right hand) {rC+ Will- rCorr Str+4 Int+6 Dex+4}
   (You found it on level 6 of the Dungeon)

   [ring of intelligence]

   Str:       It affects your strength (+4).
   Int:       It affects your intelligence (+6).
   Dex:       It affects your dexterity (+4).
   rC:        It protects you from cold.
   rCorr:     It protects you from acid and corrosion.
   Will:      It decreases your willpower.
Wands
 r - a wand of roots (11)
 t - a wand of flame (25)
 w - a wand of polymorph (7)
Scrolls
 h - 2 scrolls of fear
 k - a scroll of enchant weapon
 m - 2 scrolls of teleportation
 A - a scroll of butterflies
Potions
 d - a potion of might
 g - 4 potions of curing
 l - a potion of resistance
 n - 2 potions of attraction
 s - 2 potions of berserk rage
 v - a potion of flight
 x - a potion of haste {unknown}


   Skills:
 + Level 10.8 Fighting
 + Level 11.5 Axes
 - Level 4.0 Armour
 - Level 4.0 Shields
 + Level 9.4 Invocations


You had 9 spell levels left.
You didn't know any spells.
Your spell library contained the following spells:

 Spells                   Type           Power      Damage    Failure   Level
 Beastly Appendage        Tmut           0%         N/A       65%         1
 Static Discharge         Conj/Air       0%         3-3/arc   80%         2
 Wereblood                Tmut           0%         N/A       80%         2
 Gell's Gravitas          Tloc           0%         N/A       95%         3
 Lesser Beckoning         Tloc           0%         N/A       95%         3
 Spider Form              Tmut/Pois      0%         N/A       95%         3
 Teleport Other           Tloc           0%         N/A       95%         3
 Animate Dead             Necr           0%         N/A       100%        4
 Dispel Undead            Necr           0%         3d6       100%        4
 Sticky Flame             Conj/Fire      0%         2d3       100%        4
 Borgnjor's Vile Clutch   Necr/Erth      0%         N/A       100%        5
 Death Channel            Necr           0%         N/A       100%        6


Dungeon Overview and Level Annotations

Branches:
Dungeon (9/15)             Temple (0/1) D:5
   Lair: D:8-11         Orc: D:9-12

Altars:
Cheibriados
Elyvilon
Fedhas
Gozag
Kikubaaqudgha
Makhleb
Qazlal
Ru
Sif Muna
Yredelemnul
Zin

Shops:
D:2 *

Annotations:
D:9 Grum


Message History

You slash the wolf! You hit the wolf. The wolf bites you.
You block the wolf's attack. The wolf closely misses you. The wolf misses you.
The wolf bites you!
Unknown command.
You slash the wolf!
You kill the wolf!
Beogh accepts your kill.
You hit the wolf. You slash the wolf!
You kill the wolf!
Beogh accepts your kill. The wolf bites you but does no damage.
Something hits you!
You slash the wolf!
You kill the wolf!
Beogh accepts your kill. Something hits you! The wolf bites you!
* * * LOW HITPOINT WARNING * * *
Unknown command.
You closely miss the wolf. The wolf bites you.
* * * LOW HITPOINT WARNING * * *
Something hits you.
* * * LOW HITPOINT WARNING * * *
x2 Unknown command.
You feel much better. You block the wolf's attack.
The wolf bites you but does no damage. Something hits you.
Unknown command.
You closely miss the wolf. The wolf bites you!
* * * LOW HITPOINT WARNING * * *
Unknown command.
You closely miss the wolf. You block the wolf's attack. Something hits you!
* * * LOW HITPOINT WARNING * * *
x2 The wolf bites you but does no damage.
Unknown command.
A red film seems to cover your vision as you go berserk!
You feel yourself moving faster!
You feel mighty! The wolf bites you.
* * * LOW HITPOINT WARNING * * *
Something hits you.
* * * LOW HITPOINT WARNING * * *
x2 The wolf barely misses you.
You closely miss the wolf. Something hits you!!
You die...

#...#>....#......#
#...+.....#......# #
#...#.....#......# #.
#...#.....#.....## #..
#...#.....#.....# #...
#...#.....#.....# #....
#...#.....#.....#
#.....#†..'.....'.....#
#.....h@..#.....##'####
#....{#†..#.....#.....##
#.... ##+##.....#......#
#... .........#......#
#.. .........#.....># ..
.........####)### .
.............)...
.................
.................


You could see a wolf.

Vanquished Creatures
  Pikel (D:5)
  Maurice (D:9)
  Sigmund (D:4)
  2 wyverns
  A steam dragon (D:7)
  3 water moccasins
  Duvessa (D:7)
  An orc warrior (D:9)
  A sky beast (D:8)
  An ice beast (D:7)
  An ogre (D:6)
  3 wolves (D:9)
  3 centaurs
  3 kobold brigands
  Blork the orc (D:5)
  2 bullfrogs
  2 scorpions
  A wight (D:8)
  Dowan (D:7)
  4 jellies
  4 orc priests
  4 hounds
  3 iguanas
  2 orc wizards (D:6)
  Ijyb (D:4)
  9 adders
  A shadow imp (D:7)
  A white imp (D:7)
  2 worms
  2 dart slugs
  25 orcs
  4 bats
  5 endoplasms
  4 giant cockroaches
  10 goblins
  10 hobgoblins
  3 jackals (D:1)
  19 kobolds
  6 quokkas
  A ball python (D:1)
  2 frilled lizards (D:1)
  5 rats
157 creatures vanquished.

Vanquished Creatures (others)
  2 fungi (D:1)
  2 plants (D:1)
4 creatures vanquished.

Grand Total: 161 creatures vanquished

Notes
Turn   | Place    | Note
-------+----------+-------------------------------------------
     0 | D:1      | Zonian the Hill Orc Fighter began the quest for the Orb.
     0 | D:1      | Reached XP level 1. HP: 19/19 MP: 1/1
   209 | D:1      | Reached XP level 2. HP: 27/27 MP: 2/2
   216 | D:1      | Reached skill level 3 in Axes
   565 | D:1      | Found a faded altar of an unknown god.
   587 | D:1      | Reached XP level 3. HP: 32/33 MP: 3/3
  1121 | D:2      | Found Zeylahou's Assorted Antiques.
  1131 | D:2      | Bought a scroll labelled SEXTULEBRU for 24 gold pieces
  1131 | D:2      | Bought a scroll labelled SOLOSS ZYHEESS for 24 gold pieces
  1405 | D:2      | Reached XP level 4. HP: 38/40 MP: 4/4
  2422 | D:3      | Reached skill level 4 in Axes
  2953 | D:4      | Noticed Sigmund
  2973 | D:4      | Killed Sigmund
  2974 | D:4      | Reached skill level 5 in Fighting
  2974 | D:4      | Reached skill level 5 in Axes
  2974 | D:4      | Reached XP level 5. HP: 26/50 MP: 5/5
  2974 | D:4      | Reached XP level 6. HP: 29/57 MP: 6/6
  3536 | D:4      | Noticed Ijyb
  3564 | D:4      | Killed Ijyb
  3863 | D:4      | Reached skill level 6 in Axes
  4054 | D:5      | Entered Level 5 of the Dungeon
  4071 | D:5      | Became a worshipper of Beogh the Brigand
  4084 | D:5      | Reached XP level 7. HP: 29/64 MP: 7/7
  4300 | D:5      | Found a staircase to the Ecumenical Temple.
  4345 | D:5      | Reached skill level 1 in Invocations
  4496 | D:5      | Noticed Blork the orc
  4505 | D:5      | Killed Blork the orc
  4720 | D:5      | Noticed Pikel
  4728 | D:5      | Killed Pikel
  4729 | D:5      | Reached skill level 8 in Axes
  4729 | D:5      | Reached XP level 8. HP: 44/74 MP: 8/11
  5532 | D:5      | Found the +5 lochaber axe {reach-cleave, poleaxe}
  5550 | D:5      | Found a sacrificial altar of Ru.
  5914 | D:6      | Reached skill level 5 in Invocations
  6363 | D:6      | Found a glowing silver altar of Zin.
  6382 | D:6      | Identified the ring "Idwedeug" {rC+ Will- rCorr Str+4 Int+6
                  | Dex+4}
  6453 | D:6      | Reached * piety under Beogh
  6456 | D:6      | Found a burning altar of Makhleb.
  6518 | D:6      | Found a basalt altar of Yredelemnul.
  6535 | D:6      | Reached skill level 9 in Axes
  6552 | D:6      | Reached XP level 9. HP: 66/82 MP: 13/13
  6639 | D:6      | Found a blossoming altar of Fedhas.
  6645 | D:6      | Found an ancient bone altar of Kikubaaqudgha.
  6648 | D:6      | Found a shimmering blue altar of Sif Muna.
  6648 | D:6      | Found a snail-covered altar of Cheibriados.
  6655 | D:6      | Found a stormy altar of Qazlal.
  7314 | D:7      | Reached skill level 10 in Axes
  7504 | D:7      | Noticed Duvessa
  7504 | D:7      | Noticed Dowan
  7511 | D:7      | Killed Duvessa
  7511 | D:7      | Killed Dowan
  7807 | D:8      | Found a large runed translucent door.
  7808 | D:8      | Found a large runed translucent door.
  7998 | D:8      | HP: 1/85 [wyvern (15)]
  8001 | D:8      | Reached skill level 10 in Fighting
  8983 | D:8      | Found a white marble altar of Elyvilon.
  8986 | D:8      | Found an opulent altar of Gozag.
  9134 | D:9      | Noticed Maurice
  9161 | D:9      | Killed Maurice
  9162 | D:9      | Reached skill level 11 in Axes
  9162 | D:9      | Reached XP level 10. HP: 81/94 MP: 16/16
  9575 | D:9      | Reached ** piety under Beogh
  9681 | D:9      | Noticed Grum
  9698 | D:9      | Mangled by Grum

Illustrated notes

Levels and vault maps discovered:
D:1:      minmay_arrival_cross, layout_basic,
          shapermc_ecumenical_altar_mp_ritualfount
D:2:      cheibrodos_greedy_goblins, layout_basic, serial_shops,
          nicolae_shop_stone, serial_curves, eino_curves_04, eino_curves_01
D:3:      minmay_evil_eye, layout_loops_ring, minmay_crystal_water
D:4:      layout_cave_pools, kennysheep_generic_room_14, uniq_ijyb, uniq_sigmund
D:5:      layout_basic, mainiacjoe_overflow_six_doors_small, temple_doors_e,
          gup_sewer_entry_spiral, uniq_pikel, uniq_blork_the_orc
D:6:      layout_cave_pools, overflow_temple_1_default,
          nicolae_overflow_hallway_of_the_gods, makhleb_heckhound_becter,
          mainiacjoe_overflow_cross_hatched
D:7:      layout_basic, uniq_duvessa
D:8:      layout_loops_ring, jmf_multi_god_temple2, kennysheep_doodads
D:9:      layout_gridville, uniq_grum, uniq_maurice

Skill      XL: |  1  2  3  4  5  6  7  8  9 |
---------------+----------------------------+-----
Axes           | 3 5 6 8 9 11 | 11.5
Fighting       | 4 5 6 7 8 10 | 10.8
Armour         | 4 |  4.0
Shields        | 4 |  4.0
Invocations    | 4 6 9 |  9.4

Action                   |  1- 3 |  4- 6 |  7- 9 | 10-12 || total
-------------------------+-------+-------+-------+-------++-------
Melee: War axe           |   115 |   105 |   247 |    50 ||   517
Invok: Convert to Beogh  |       |     1 |       |       ||     1
Evoke: Wand              |       |       |     1 |       ||     1
  Use: Scroll            |       |    11 |     6 |       ||    17
       Potion            |       |     1 |     2 |     3 ||     6
Armor: Scale mail        |    59 |    40 |    84 |    17 ||   200
Dodge: Dodged            |    49 |    37 |    90 |    18 ||   194
Block: Buckler           |    25 |    16 |    59 |    12 ||   112

Table legend: (Time is in decaauts)
 A = Elapsed time spent in this place.
 B = Non-inter-level travel time spent in this place.
 C = Inter-level travel time spent in this place.
 D = Time resting spent in this place.
 E = Time spent auto-exploring this place.
 F = Levels seen in this place.
 G = Mean time per level.
                   A        B        C        D        E       F      G
               +--------+--------+--------+--------+--------+-----+--------+
         Total |   9838 |   9498 |    340 |   1713 |   6401 |   9 | 1093.1 |
       Dungeon |   9838 |   9498 |    340 |   1713 |   6401 |   9 | 1093.1 |
               +--------+--------+--------+--------+--------+-----+--------+

Top non-repeatable levels by time:
     D:5: 1853 daAuts
     D:8: 1460 daAuts
     D:4: 1166 daAuts
     D:2: 1124 daAuts
     D:6: 1061 daAuts
     D:1: 1020 daAuts
     D:3: 815 daAuts
     D:9: 689 daAuts
     D:7: 646 daAuts
